 Dungeon Crawl Stone Soup version 0.17.0-56-gd8de76c (webtiles) character file.

8792 plasmid the Grappler (level 11, -10/105 HPs)
             Began as a Troll Monk on Dec 6, 2015.
             Was an Elder of Qazlal.
             Killed from afar by a killer bee (24 damage)
             ... with an exploding inner flame
             ... hexed by the player character
             ... on level 3 of the Lair of Beasts.
             The game lasted 01:24:57 (8151 turns).

plasmid the Grappler (Troll Monk)                   Turns: 8151, Time: 01:25:08

Health: -10/105    AC: 15    Str: 24    XL:     11   Next: 14%
Magic:  14/14      EV: 15    Int:  6    God:    Qazlal [****..]
Gold:   395        SH:  5    Dex: 12    Spells: 0 memorised, 10 levels left

rFire  . . .     SeeInvis .       - Unarmed
rCold  . . .     Clarity  .     u - +0 robe (curse)
rNeg   . . .     SustAt   .     (no shield)
rPois  .         Gourm    +     g - +1 hat
rElec  .         Spirit   .     q - +2 cloak {MR+}
rCorr  .         Warding  .     (gloves unavailable)
rMut   .         Stasis   .     (boots unavailable)
MR     +....                    R - amulet of rage
Stlth  +.........               y - +6 ring of protection
                                p - +4 ring of evasion

@: lethally poisoned (-10 -> -14), repel missiles, somewhat resistant to hostile
enchantments, very unstealthy
A: unfitting armour, claws 3, fast metabolism 3, gourmand, regeneration 2,
shaggy fur 1, spit poison 1, tough skin 2
a: Spit Poison, Upheaval, Elemental Force, Renounce Religion, Evoke Berserk Rage


You were on level 3 of the Lair of Beasts.
You worshipped Qazlal.
Qazlal was greatly pleased with you.
You were very full.

You visited 3 branches of the dungeon, and saw 12 of its levels.

You collected 602 gold pieces.
You spent 207 gold pieces at shops.

Inventory:

Hand Weapons
 e - the +7 hunting sling "Eklacwil" {flame, SInv}
   (You found it on level 6 of the Dungeon)

   It causes projectiles fired from it to burn those they strike, causing extra
   injury to most foes and up to half again as much damage against particularly
   susceptible opponents.
   It lets you see invisible.
 l - a cursed -2 rapier
 X - a +2 dagger of speed
Missiles
 d - a throwing net
 f - 248 stones (quivered)
 G - 4 curare-tipped needles
Armour
 g - a +1 hat (worn)
 q - a +2 cloak of magic resistance (worn)
 u - a cursed +0 robe (worn)
 I - a +0 shield
Jewellery
 p - a +4 ring of evasion (left claw)
 y - a +6 ring of protection (right claw)
 K - an uncursed ring of ice
 R - an amulet of rage (around neck)
Wands
 w - a wand of disintegration (17)
 N - a wand of draining (7)
 P - a wand of slowing (19)
 U - a wand of polymorph (13)
Scrolls
 a - a scroll of magic mapping {unknown}
 j - 2 scrolls of immolation
 k - 2 scrolls of fog
 m - a scroll of random uselessness {unknown}
 o - 8 scrolls of identify
 t - 2 scrolls of recharging
 v - a scroll of silence {unknown}
 B - 3 scrolls of remove curse
 L - a scroll of blinking {unknown}
 V - a scroll of teleportation
Potions
 c - a potion of lignification {unknown}
 h - a potion of heal wounds {unknown}
 i - a potion of flight {unknown}
 z - a potion of poison
 C - a potion of resistance {unknown}
 E - a potion of cancellation {unknown}
 S - a potion of might {unknown}
 T - a potion of brilliance
Books
 s - a book of Enchantments

   Spells                             Type                      Level
   a - Cause Fear                     Hexes                        4
   b - Silence                        Hexes/Air                    5
   c - Deflect Missiles               Charms/Air                   6
   d - Haste                          Charms                       6
   e - Discord                        Hexes                        8
Comestibles
 b - 9 bread rations
 n - 8 fruits
 x - 3 chunks of flesh
 A - 2 beef jerkies
 M - 2 meat rations


   Skills:
 + Level 6.1 Fighting
 - Level 4.0 Dodging
 - Level 1.1 Stealth
 + Level 3.1 Shields
 * Level 13.5 Unarmed Combat
 + Level 6.1 Invocations


You had 10 spell levels left.
You didn't know any spells.

Dungeon Overview and Level Annotations

Branches:
Dungeon (8/15)             Temple (1/1) D:5            Lair (3/8) D:8
  Swamp: Lair:3-6    Shoals: Lair:3-6     Snake: Lair:3-6    Spider: Lair:3-6

Altars:
Ashenzari
Cheibriados
Fedhas
Gozag
Kikubaaqudgha
Makhleb
Nemelex Xobeh
Qazlal
Sif Muna
Trog
Xom
Yredelemnul
Zin
The Shining One

Shops:
D:6 [


Innate Abilities, Weirdness & Mutations

You are too large for most types of armour.
You have claws for hands.
Your metabolism is lightning-fast.
You like to eat raw meat.
You heal very quickly.
You are covered in fur (AC +1).
You have very tough skin (AC +2).
You can spit weak poison.


Message History

Qazlal accepts your kill. x2
This wand has 17 charges left.
The killer bee is engulfed in roaring flames.
The killer bee misses you.
Evoke which item? (* to show all) (? for menu, Esc to quit)
That item cannot be evoked!
You feel sick. The killer bee closely misses you.
Cornered, the killer bee turns to fight!
The killer bee stings you.
* * * LOW HITPOINT WARNING * * *
You are more poisoned.
The killer bee poisons you!
You feel sick. You block the killer bee's attack.
The killer bee is struck by lightning.
The killer bee explodes!
The fiery explosion engulfs the killer bee.
The killer bee explodes!
You hear a sizzling sound!
The fiery explosion engulfs you!
You die...

##### ##### ....###.#P##
.....P....P#
......<....########### ### ....
..........(...#....§§###.####....
..........†....§@§.§§#.#..P#.<...
..............#§§§.§§#.....#.#...
..............#§§§%..#...........
..............#....y.#.......^...
........†.††%†#.%%.%.#...........
.....P.#.†††..########...#.......
.....PP.....†..............##....
.....P...<........†..#..#.###....
....................#..####......


You could see a killer bee (inner flame).

Vanquished Creatures
  Nergalle (Lair:2)
  The ghost of bollicks1999 the Covered, a novice MiFi (D:6)
  2 komodo dragons
  A fire drake (Lair:3)
  3 spiny frogs
  A queen bee (Lair:3)
  A polar bear (Lair:3)
  Sigmund (D:5)
  5 yaks
  A spriggan (D:8)
  Eustachio (D:8)
  A hungry ghost (D:7)
  Menkaure (D:7)
  A wolf (Lair:2)
  A deep elf fighter (D:8)
  Edmund (D:6)
  A porcupine (Lair:2)
  Duvessa (D:5)
  3 ice beasts
  2 orc warriors
  2 water moccasins (Lair:2)
  6 ogres
  A sky beast (D:8)
  4 crocodiles
  Blork the orc (D:8)
  2 giant frogs
  20 killer bees (Lair:3)
  Dowan (D:6)
  3 scorpions
  An electric eel (D:7)
  A centaur zombie (D:5)
  2 giant frog zombies (D:6)
  A crimson imp (D:5)
  5 hounds
  2 orc priests
  A wasp zombie (D:8)
  An orc wizard (D:4)
  7 worker ants
  Natasha (twice) (D:3)
  2 iguanas
  A hound zombie (D:8)
  11 adders
  5 shadow imps
  6 river rats (Lair:1)
  An ooze (D:5)
  An adder zombie (D:5)
  An adder skeleton (D:5)
  3 worms
  2 giant geckos
  33 orcs
  6 bats
  3 giant cockroaches
  7 goblins
  8 hobgoblins
  10 jackals
  3 quokkas
  A giant newt (D:7)
  11 kobolds
  5 rats
  2 fungi
  10 plants
225 creatures vanquished.

Vanquished Creatures (others)
  A scorpion (D:6)
  An orc wizard (D:4)
  5 sheep (D:6)
  A fungus (Lair:3)
8 creatures vanquished.

Grand Total: 233 creatures vanquished

Notes
Turn   | Place    | Note
--------------------------------------------------------------
     0 | D:1      | plasmid the Troll Monk began the quest for the Orb.
     0 | D:1      | Reached XP level 1. HP: 22/22 MP: 0/0
    78 | D:1      | Reached XP level 2. HP: 27/29 MP: 1/1
   758 | D:2      | Reached skill level 5 in Unarmed Combat
   758 | D:2      | Reached XP level 3. HP: 36/36 MP: 2/2
  1208 | D:2      | Reached XP level 4. HP: 44/44 MP: 3/3
  1819 | D:3      | Noticed Natasha
  1830 | D:3      | Killed Natasha
  1830 | D:3      | Reached skill level 6 in Unarmed Combat
  1857 | D:3      | Noticed Natasha
  1861 | D:3      | Killed Natasha
  1896 | D:3      | Found an opulent altar of Gozag.
  2080 | D:3      | Found a blossoming altar of Fedhas.
  2280 | D:4      | Gained mutation: You can spit weak poison. [potion of beneficial mutation]
  2288 | D:4      | Reached XP level 5. HP: 48/50 MP: 4/4
  2424 | D:4      | Found a snail-covered altar of Cheibriados.
  2608 | D:4      | Reached skill level 7 in Unarmed Combat
  2706 | D:4      | Noticed an ogre
  2712 | D:4      | Killed an ogre
  2712 | D:4      | Reached XP level 6. HP: 49/59 MP: 5/5
  2721 | D:4      | Reached skill level 8 in Unarmed Combat
  2854 | D:4      | Found a deep blue altar of Sif Muna.
  3011 | D:5      | Entered Level 5 of the Dungeon
  3014 | D:5      | Noticed Sigmund
  3029 | D:5      | Killed Sigmund
  3029 | D:5      | Reached XP level 7. HP: 66/66 MP: 6/6
  3061 | D:5      | Got a spiked ring mail
  3092 | D:5      | Found a staircase to the Ecumenical Temple.
  3110 | Temple   | Entered the Ecumenical Temple
  3156 | Temple   | Became a worshipper of Qazlal Stormbringer
  3156 | Temple   | Reached * piety under Qazlal
  3156 | Temple   | Reached ** piety under Qazlal
  3215 | D:5      | Reached skill level 9 in Unarmed Combat
  3895 | D:6      | Noticed Duvessa
  3895 | D:6      | Noticed Dowan
  3953 | D:6      | Killed Dowan
  3966 | D:5      | Killed Duvessa
  3966 | D:5      | Reached skill level 10 in Unarmed Combat
  3966 | D:5      | Reached XP level 8. HP: 32/74 MP: 7/7
  4058 | D:6      | Got a transparent hunting sling
  4156 | D:6      | Found Zaramikkix's Antique Armour Emporium.
  4192 | D:6      | Bought an embroidered cloak for 117 gold pieces
  4252 | D:6      | Reached skill level 1 in Invocations
  4277 | D:6      | Found a shimmering altar of Xom.
  4437 | D:6      | Found a glowing golden altar of the Shining One.
  4441 | D:6      | Noticed an angel
  4452 | D:6      | Found a basalt altar of Yredelemnul.
  4454 | D:6      | Noticed a profane servitor
  4487 | D:6      | Noticed bollicks1999's ghost (novice MiFi)
  4490 | D:6      | Noticed Edmund
  4497 | D:6      | Killed bollicks1999's ghost
  4497 | D:6      | Reached skill level 11 in Unarmed Combat
  4505 | D:6      | Killed Edmund
  4505 | D:6      | Reached XP level 9. HP: 60/84 MP: 5/10
  4660 | D:7      | Noticed Menkaure
  4676 | D:7      | Killed Menkaure
  4820 | D:7      | Found Zin's Purification Station.
  4820 | D:7      | Found a glowing silver altar of Zin.
  4826 | D:7      | Reached *** piety under Qazlal
  4842 | D:7      | Bought a potion of curing for 90 gold pieces
  5639 | D:8      | Found an ancient bone altar of Kikubaaqudgha.
  5645 | D:8      | Reached skill level 12 in Unarmed Combat
  6064 | Temple   | Identified the +7 hunting sling "Eklacwil" {flame, SInv} (You found it on level 6 of the Dungeon)
  6203 | D:8      | Found a bloodstained altar of Trog.
  6316 | D:8      | Reached skill level 5 in Fighting
  6316 | D:8      | Reached XP level 10. HP: 61/96 MP: 12/12
  6326 | D:8      | Noticed Eustachio
  6326 | D:8      | Found a shattered altar of Ashenzari.
  6332 | D:8      | Killed Eustachio
  6341 | D:8      | Noticed Blork the orc
  6348 | D:8      | Killed Blork the orc
  6362 | D:8      | Reached **** piety under Qazlal
  6465 | D:8      | Found a staircase to the Lair.
  6513 | Lair:1   | Entered Level 1 of the Lair of Beasts
  6854 | Lair:1   | Found a dark tunnel.
  7183 | Lair:1   | Reached skill level 1 in Shields
  7183 | Lair:1   | Reached skill level 5 in Invocations
  7597 | Lair:2   | Noticed Nergalle
  7645 | Lair:2   | Killed Nergalle
  7645 | Lair:2   | Reached skill level 13 in Unarmed Combat
  8050 | Lair:3   | Reached XP level 11. HP: 38/105 MP: 14/14
  8110 | Lair:3   | Noticed a catoblepas
  8110 | Lair:3   | Noticed a six-headed hydra
  8151 | Lair:3   | Killed from afar by a killer bee

Action                   |  1- 3 |  4- 6 |  7- 9 | 10-12 || total
-------------------------+-------+-------+-------+-------++-------
Melee: Unarmed           |   109 |    77 |   261 |   154 ||   601
Throw: Stone             |     4 |    13 |       |     1 ||    18
Invok: Upheaval          |       |       |     1 |     1 ||     2
 Abil: Spit Poison       |       |     5 |     7 |     9 ||    21
Evoke: Wand              |       |     1 |       |     4 ||     5
  Use: Scroll            |       |     4 |    11 |     5 ||    20
       Potion            |       |     3 |     3 |     6 ||    12
 Stab: Sleeping          |       |     3 |       |       ||     3
  Eat: Chunk             |    15 |    16 |    26 |    19 ||    76
       Meat ration       |       |       |     1 |       ||     1
       Pizza             |       |       |       |     1 ||     1
